 Dungeon Crawl Stone Soup version 0.24-a0-201-gf205589 (webtiles) character file.

Game seed: 8080900998965411114

291 tilp the Caller (level 6, -4/41 HPs)
             Began as a Human Summoner on Mar 22, 2019.
             Was a Follower of Okawaru.
             Slain by a troll (7 damage)
             ... on level 5 of the Dungeon.
             The game lasted 00:13:56 (3434 turns).

tilp the Caller (Human Summoner)                    Turns: 3434, Time: 00:13:57

Health: -4/41      AC:  7    Str:  9    XL:     6   Next: 59%
Magic:  1/9        EV: 15    Int: 22    God:    Okawaru [*.....]
Gold:   227        SH:  0    Dex: 13    Spells: 0/9 levels left

rFire    . . .     SeeInvis .   a - +0 trident
rCold    . . .     Gourm    .   (no shield)
rNeg     . . .     Faith    +   r - +0 leather armour
rPois    .         Spirit   .   t - +1 helmet
rElec    .         Reflect  .   (no cloak)
rCorr    .         Harm     .   (no gloves)
MR       .....                  i - +0 pair of boots
Stlth    +++.......             n - amulet of faith
HPRegen  0.13/turn              (no ring)
MPRegen  0.11/turn              (no ring)

@: brilliant, heroism
A: no striking features
a: Heroism, Renounce Religion


You were on level 5 of the Dungeon.
You worshipped Okawaru.
Okawaru was aware of your devotion.
You were not hungry.

You visited 1 branch of the dungeon, and saw 5 of its levels.

You collected 227 gold pieces.

Inventory:

Hand Weapons
 a - a +0 trident (weapon)
 p - a cursed -2 falchion
 q - a +0 dagger of venom
 y - a +0 falchion of freezing
Missiles
 e - 55 stones
 l - 33 sling bullets
 m - 6 tomahawks (quivered)
 x - 4 javelins
Armour
 i - a +0 pair of boots (worn)
 r - a +0 leather armour (worn)
 t - a +1 helmet (worn)
Jewellery
 n - an amulet of faith (around neck)
 A - an uncursed ring of stealth
Wands
 w - a wand of enslavement (9)
 B - a wand of iceblast (7)
 C - a wand of paralysis (6)
Scrolls
 b - a scroll of random uselessness {unknown}
 d - a scroll of immolation {unknown}
 f - 4 scrolls of remove curse
 j - 6 scrolls of teleportation
 s - 2 scrolls of fear {unknown}
 u - a scroll of enchant armour {unknown}
Potions
 g - a potion of might
 h - a potion of flight
 k - a potion of lignification
 v - a potion of ambrosia
Comestibles
 c - 11 rations


   Skills:
 - Level 2.0(7.0) Dodging
 - Level 2.0(7.0) Stealth
 - Level 2.0 Spellcasting
 + Level 7.4 Summonings


You couldn't memorise any spells.
You knew the following spells:

 Your Spells              Type           Power        Failure   Level  Hunger
a - Summon Small Mammal   Summ           ####         1%          1    #......
b - Call Imp              Summ           #####...     1%          2    ##.....
c - Call Canine Familiar  Summ           #####...     1%          3    ###....
d - Summon Guardian Gole  Hex/Summ       ####....     1%          3    ###....

Your spell library contained the following spells:

 Spells                   Type           Power        Failure   Level  Hunger
 Summon Ice Beast         Ice/Summ       ####....     4%          4    #####..
 Summon Lightning Spire   Summ/Air       ####....     4%          4    #####..


Dungeon Overview and Level Annotations

Branches:
Dungeon (5/15)             Temple (0/1) D:4

Altars:
Ashenzari
Dithmenos
Gozag
Kikubaaqudgha
Okawaru
Ru
Yredelemnul
The Shining One


Message History

The troll is lightly wounded.
Your hound bites the troll.
The troll bites you! The troll claws you but does no damage.
The troll claws you.
You hit the troll but do no damage.
The troll is moderately wounded.
Your hound misses the troll.
Your hound bites the troll.
The troll bites your hound! The troll claws your hound!
Your hound dies!
Your hound's corpse disappears in a puff of smoke!
The troll shouts!
You hit the troll.
The troll is moderately wounded.
The troll bites you!!
* * * LOW HITPOINT WARNING * * *
The troll barely misses you. The troll claws you but does no damage.
Unknown command.
It was a potion of brilliance.
You feel clever all of a sudden. The troll bites you!
You die...

###.###..#...._#
...#
#......#...#####...#
######.#.....#.....#
#.#.....#.....#
#...###'#'###
#...#...#...#
#...#.......#
#..####..T### #..
#....@..# #.......#
#####...... #####.##
.# #


You could see a troll.

Vanquished Creatures
  A shadow imp (D:3)
  2 oozes
  A worm (D:4)
  2 dart slugs
  A leopard gecko (D:1)
  8 orcs
  8 giant cockroaches
  5 goblins
  6 hobgoblins
  2 jackals
  3 kobolds
  2 quokkas
  5 bats
  3 frilled lizards
  4 rats
53 creatures vanquished.

Vanquished Creatures (collateral kills)
  Blork the orc (D:4)
  2 hounds
  An orc priest (D:4)
  An orc wizard (D:4)
  An iguana (D:4)
  A worker ant (D:4)
  Robin (D:3)
  3 adders
  2 worms
  A dart slug (D:3)
  3 leopard geckos
  6 orcs
  A giant cockroach (D:3)
  7 goblins
  2 hobgoblins
  5 jackals
  2 kobolds (D:1)
  2 quokkas
  4 bats
  A frilled lizard (D:1)
  A rat (D:1)
48 creatures vanquished.

Grand Total: 101 creatures vanquished

Notes
Turn   | Place    | Note
-------+----------+-------------------------------------------
     0 | D:1      | tilp the Human Summoner began the quest for the Orb.
     0 | D:1      | Reached XP level 1. HP: 13/13 MP: 3/3
   295 | D:1      | Reached XP level 2. HP: 15/19 MP: 1/5
   534 | D:1      | Reached XP level 3. HP: 11/24 MP: 3/6
   538 | D:1      | Learned a level 2 spell: Call Imp
   542 | D:1      | Learned a level 3 spell: Call Canine Familiar
   713 | D:1      | Reached skill level 5 in Summonings
   808 | D:2      | Found a shattered altar of Ashenzari.
   891 | D:2      | Found a shadowy altar of Dithmenos.
  1418 | D:3      | Found an iron altar of Okawaru.
  1418 | D:3      | Found an opulent altar of Gozag.
  1423 | D:3      | Became a worshipper of Warmaster Okawaru
  1504 | D:3      | Reached XP level 4. HP: 24/30 MP: 7/7
  1940 | D:3      | Found a glowing golden altar of the Shining One.
  2097 | D:3      | Noticed Robin
  2119 | D:3      | Killed Robin
  2127 | D:3      | Reached XP level 5. HP: 27/35 MP: 3/8
  2129 | D:3      | Reached skill level 6 in Summonings
  2467 | D:4      | Found an ancient bone altar of Kikubaaqudgha.
  2534 | D:4      | Found a staircase to the Ecumenical Temple.
  2689 | D:4      | Reached * piety under Okawaru
  2982 | D:4      | Noticed Blork the orc
  2995 | D:4      | Killed Blork the orc
  2995 | D:4      | Reached skill level 7 in Summonings
  2995 | D:4      | Reached XP level 6. HP: 30/41 MP: 1/9
  3223 | D:4      | Learned a level 3 spell: Summon Guardian Golem
  3232 | D:5      | Entered Level 5 of the Dungeon
  3300 | D:5      | Reached ** piety under Okawaru
  3327 | D:5      | Found a basalt altar of Yredelemnul.
  3405 | D:5      | Found a sacrificial altar of Ru.
  3423 | D:5      | Noticed a troll
  3434 | D:5      | Slain by a troll

Levels and vault maps discovered:
D:1:      shiori_angband_town, layout_rooms, minmay_misc_feat_iff
D:2:      layout_loops_ring, grunt_dithmenos_smoke_and_mirrors,
          lemuel_doored_altar
D:3:      layout_basic, marbit_many_paths, grunt_temple_overflow_open,
          hangedman_decor_peaks_small, glass_columns_a, uniq_robin
D:4:      layout_cave_pools, kiku_gazebo_pond_becter, minmay_temple_entry_trees,
          first_ration, uniq_blork_the_orc
D:5:      layout_basic, kennysheep_mini_moat, hangedman_ru_absence,
          lemuel_coloured_pillars_altar, minmay_holes,
          chequers_serial_rivers_marsh

Skill      XL: |  1  2  3  4  5 |
---------------+----------------+-----
Summonings     | 5 7 |  7.4
Dodging        | |  2.0
Stealth        | |  2.0
Spellcasting   | |  2.0

Action                   |  1- 3 |  4- 6 || total
-------------------------+-------+-------++-------
Melee: Spear             |   123 |    70 ||   193
       Trident           |       |   124 ||   124
Throw: Stone             |     1 |     2 ||     3
 Cast: Summon Small Mamm |    21 |     2 ||    23
       Call Imp          |    10 |    16 ||    26
       Call Canine Famil |       |    15 ||    15
Invok: Heroism           |       |     1 ||     1
  Use: Scroll            |     3 |     4 ||     7
       Potion            |       |     1 ||     1
 Stab: Sleeping          |     5 |     5 ||    10
       Distracted        |     3 |     1 ||     4
  Eat: Chunk             |     3 |    10 ||    13
Armor: Robe              |    24 |    10 ||    34
       Leather armour    |       |    43 ||    43
Dodge: Dodged            |    63 |   119 ||   182

Table legend:
 A = Non-vault XP
 B = Vault XP
 C = Vault XP percentage of total XP
 D = Non-vault monster count
 E = Vault monster count
 F = Vault count percentage of total count
                 A         B        C        D         E       F
            +---------+---------+-------+---------+---------+-------
      Total |     332 |      85 |  20.4 |      87 |      14 |  13.9
            +---------+---------+-------+---------+---------+-------
        D:1 |      39 |       0 |   0.0 |      24 |       0 |   0.0
        D:2 |      26 |       0 |   0.0 |      13 |       0 |   0.0
        D:3 |      56 |      30 |  34.9 |      26 |      13 |  33.3
        D:4 |     165 |      55 |  25.0 |      21 |       1 |   4.5
        D:5 |      46 |       0 |   0.0 |       3 |       0 |   0.0
            +---------+---------+-------+---------+---------+-------
